AoeStats
← old f1sh

Arabia

508216739Analyzed
1v1 RM · 11d ago on Sep 21, 2026· 50m 30s· 2 players
Game mode
Random Map
Map size
Tiny (2 player)
Population
200
Speed
Normal
Resources
Standard
Victory
Conquest
Starting age
Dark Age
Ending age
Imperial Age
RankedLock teamsTeams togetherTeam positionsShared explorationLock speedFull tech treeHidden civsTurbo modeCheats
Victory
Defeat
🇨🇳 Wei · China
1672
+11
🇩🇪 Japanese · Germany
1569
-11
old f1sh
6:27 Loom
8:54 Feudal Age
9:43 Double-Bit Axe
13:28 Horse Collar
18:46 Castle Age
17:06 Gold Mining
17:52 Fletching
19:43 Wheelbarrow
19:25 Bodkin Arrow
19:42 Bow Saw
20:43 Husbandry
22:42 Heavy Plow
24:46 Padded Archer Armor
35:14 Imperial Age
33:39 Leather Archer Armor
33:29 Scale Barding Armor
34:23 Ballistics
34:20 Bloodlines
33:30 Light Cavalry
35:12 Hand Cart
34:49 Stone Mining
35:50 Hussar
37:14 Gold Shaft Mining
37:33 Chain Barding Armor
37:19 Bracer
38:56 Forging
40:41 Chemistry
40:12 Parthian Tactics
40:52 Conscription
41:25 Crop Rotation
41:42 Iron Casting
41:38 Ring Archer Armor
41:18 Thumb Ring
42:07 Masonry
42:18 Tuntian
44:23 Stone Shaft Mining
44:32 Ming Guang Armor
47:21 Blast Furnace
49:56 Scale Mail Armor
50:21 Treadmill Crane
50:36 Murder Holes
Alex
7:00 Loom
9:11 Feudal Age
9:44 Double-Bit Axe
13:47 Horse Collar
17:43 Wheelbarrow
20:59 Castle Age
18:53 Gold Mining
19:28 Fletching
19:56 Padded Archer Armor
21:04 Elite Skirmisher
21:43 Bodkin Arrow
23:45 Leather Archer Armor
24:23 Bow Saw
28:35 Hand Cart
30:15 Ballistics
31:38 Town Watch
37:05 Imperial Age
36:37 Guard Tower
38:33 Bracer
40:35 Scale Mail Armor
40:45 Forging
41:48 Chain Mail Armor
41:09 Pikeman
42:15 Halberdier
46:27 Heavy Plow
48:44 Iron Casting
Connection lost

Rejoining the realm…

Still unreachable

The connection could not be restored.

Session expired

The server has moved on; the page needs a fresh start.